 Dungeon Crawl Stone Soup version 0.30.0-15-g856e2d3f33 (webtiles) character file.

Game seed: 3425154244380600583

2 SnakkuSnakku7 the Vexing (level 1, 0/16 HPs)
             Began as a Ghoul Hexslinger on May 20, 2023.
             Slain by a quokka (3 damage)
             ... on level 1 of the Dungeon.
             The game lasted 00:00:09 (43 turns).

SnakkuSnakku7 the Vexing (Ghoul Hexslinger)           Turns: 43, Time: 00:00:09

Health: 0/16       AC:  2    Str: 13    XL:     1   Next: 40%
Magic:  1/1        EV: 12    Int:  8    God:
Gold:   0          SH:  0    Dex:  9    Spells: 1/2 levels left

rFire   . . .        a - +1 sling
rCold   + . .        (no shield)
rNeg    + + +        c - +0 robe
rPois   ∞            (no helmet)
rElec   .            (no cloak)
rCorr   .            (no gloves)
SInv    .            (no boots)
Will    .....        (no amulet)
Stlth   +            (no ring)
HPRegen 0.00/turn    (no ring)
MPRegen 0.07/turn

%: no passive effects
@: inhibited regen
A: claws 1, cold resistance 1, negative energy resistance 3, inhibited
regeneration, torment resistance 2, devour on kill
a: no special abilities


You were on level 1 of the Dungeon.
You visited 1 branch of the dungeon, and saw 1 of its levels.

Inventory:

Hand Weapons
 a - a +1 sling (weapon)
Armour
 c - a +0 robe (worn)
Scrolls
 b - a scroll of poison


   Skills:
 + Level 1.3 Fighting
 - Level 1.7 Ranged Weapons
 - Level 1.7 Dodging
 + Level 0.4 Unarmed Combat
 - Level 1.0 Spellcasting
 - Level 2.4 Hexes


You had one spell level left.
You knew the following spells:

 Your Spells              Type           Power      Damage    Failure   Level
a - Slow                  Hex            16%        N/A       16%         1

Your spell library contained the following spells:

 Spells                   Type           Power      Damage    Failure   Level
 Inner Flame              Hex/Fire       2%         N/A       58%         3
 Portal Projectile        Hex/Tloc       4%         N/A       58%         3
 Cause Fear               Hex            2%         N/A       83%         4


Dungeon Overview and Level Annotations

Branches:
Dungeon (1/15)

Altars:


Innate Abilities, Weirdness & Mutations

You are immune to poison.
You have sharp fingernails.
Your flesh is cold resistant. (rC+)
You are immune to negative energy. (rN+++)
You do not regenerate when monsters are visible.
You are immune to unholy pain and torment.
You thrive by killing the living.


Message History

You kill the endoplasm!
You hear a shout!
You shoot a sling bullet.
The sling bullet closely misses the hobgoblin.
You shoot a sling bullet.
The sling bullet closely misses the hobgoblin.
A hobgoblin comes into view.
You shoot a sling bullet.
The sling bullet barely misses the hobgoblin.
The hobgoblin misses you. The hobgoblin barely misses you.
The hobgoblin hits you.
You shoot a sling bullet. The sling bullet hits the hobgoblin.
You kill the hobgoblin!
The hobgoblin misses you.
You shoot a sling bullet.
The sling bullet barely misses the hobgoblin.
The hobgoblin closely misses you.
You shoot a sling bullet.
The sling bullet barely misses the hobgoblin.
The hobgoblin barely misses you.
A quokka comes into view.
The hobgoblin barely misses you.
You shoot a sling bullet.
The sling bullet barely misses the hobgoblin.
The hobgoblin hits you.
You shoot a sling bullet. The sling bullet misses the quokka.
The quokka barely misses you. The hobgoblin hits you.
The quokka barely misses you.
You are too injured to fight recklessly!
You are too injured to fight recklessly!
You are too injured to fight recklessly!
You shoot a sling bullet. The sling bullet misses the quokka.
The hobgoblin hits you.
The quokka bites you but does no damage.
The hobgoblin barely misses you. The quokka bites you.
* * * LOW HITPOINT WARNING * * *
Unknown command.
You shoot a sling bullet. The sling bullet misses the quokka.
The quokka bites you.
You die...

##...#....##
##.......#..####
#~.♣.∩...##....#
§§.......#####.#
~§.......## #.#
§..∩......# #.######.#
§..........# #........#
§..........# #.#####..#
§§∩........# #.r@g#
§...........##.##.......
§...........##.# ##.....
.∩.......... #.# .##.
..........⌠ #.? ..
.......... ### ..
..♣....... . ..........
<.........


You could see a quokka and a hobgoblin.

Vanquished Creatures
  An endoplasm (D:1)
  A hobgoblin (D:1)
2 creatures vanquished.

Notes
Turn   | Place    | Note
-------+----------+-------------------------------------------
     0 | D:1      | SnakkuSnakku7 the Ghoul Hexslinger began the quest for the
                  | Orb.
     0 | D:1      | Reached XP level 1. HP: 16/16 MP: 1/1
    43 | D:1      | Slain by a quokka

Illustrated notes

Levels and vault maps discovered:
D:1:      tekkud_arrival_beachfront_property, layout_loops_cross

Action                     || total
---------------------------++-------
   Fire: Sling             ||    11
 Armour: Robe              ||     1
  Dodge: Dodged            ||     9
